 Dungeon Crawl Stone Soup version 0.27.1-1-g398f81649c (webtiles) character file.

Game seed: 7207904126185734262

819 Descartes the Sneak (level 7, -10/38 HPs)
             Began as a Deep Elf Wanderer on Sept 21, 2021.
             Was a Follower of Vehumet.
             Mangled by a komodo dragon (26 damage)
             ... on level 5 of the Dungeon.
             The game lasted 00:19:55 (5201 turns).

Descartes the Sneak (Deep Elf Wanderer)             Turns: 5201, Time: 00:19:55

Health: -10/38     AC:  8    Str:  7    XL:     7   Next: 63%
Magic:  7/13       EV: 13    Int: 26    God:    Vehumet [*.....]
Gold:   178        SH:  0    Dex: 15    Spells: 7/12 levels left

rFire    . . .     SeeInvis .   a - +2 dagger (flame)
rCold    . . .     Faith    .   (no shield)
rNeg     . . .     Spirit   .   c - +0 robe
rPois    .         Reflect  .   y - +2 helmet
rElec    .         Harm     .   E - +2 cloak {Stlth+}
rCorr    .         Rampage  .   (no gloves)
Will     .....                  (no boots)
Stlth    ++++......             n - amulet of regeneration
HPRegen  1.12/turn              e - +6 ring of intelligence
MPRegen  0.13/turn              (no ring)

@: no status effects
A: no striking features
a: Renounce Religion


You were on level 5 of the Dungeon.
You worshipped Vehumet.
Vehumet was aware of your devotion.
You visited 2 branches of the dungeon, and saw 6 of its levels.

You collected 178 gold pieces.

Inventory:

Hand Weapons
 a - a +2 dagger of flaming (weapon)
 b - a +0 hunting sling
Missiles
 f - 5 sling bullets
 h - 61 stones
 j - 75 arrows
 r - 63 poisoned darts
 s - 70 bolts
 x - 6 boomerangs
Armour
 c - a +0 robe (worn)
 w - a +0 buckler
 y - a +2 helmet (worn)
 D - a +4 ring mail
 E - a +2 cloak of stealth (worn)
Magical Staves
 k - a staff of earth
Jewellery
 e - a +6 ring of intelligence (left hand)
 n - an amulet of regeneration (around neck)
 q - a ring of fire
Wands
 d - a wand of paralysis (7)
Scrolls
 l - a scroll of enchant weapon {unknown}
 m - a scroll of magic mapping {unknown}
 o - 3 scrolls of identify {unknown}
 p - a scroll of fog {unknown}
 t - a scroll of fear {unknown}
 u - 2 scrolls of amnesia {unknown}
 v - a scroll of enchant armour {unknown}
 z - a scroll of summoning {unknown}
 F - a scroll of immolation {unknown}
Potions
 g - a potion of cancellation {unknown}
 i - 2 potions of curing
 A - a potion of heal wounds {unknown}
 B - 2 potions of flight {unknown}
 C - a potion of attraction {unknown}


   Skills:
 - Level 1.5 Fighting
 - Level 1.5 Axes
 - Level 1.0 Armour
 + Level 3.6 Dodging
 + Level 4.3 Stealth
 + Level 1.8 Shields
 - Level 3.0 Spellcasting
 + Level 2.7 Conjurations
 + Level 3.6 Hexes
 + Level 2.8 Transmutations
 - Level 1.1 Fire Magic
 + Level 3.0 Ice Magic
 + Level 3.3 Poison Magic
 - Level 1.1 Evocations


You had 7 spell levels left.
You knew the following spells:

 Your Spells              Type           Power      Damage    Failure   Level
a - Sting                 Tmut/Pois      76%        1d6       2%          1
b - Ensorcelled Hibernat  Hex/Ice        42%        N/A       3%          2
c - Magic Dart            Conj           72%        1d6       3%          1
d - Corona                Hex            24%        N/A       2%          1

Your spell library contained the following spells:

 Spells                   Type           Power      Damage    Failure   Level
 Freeze                   Ice            76%        1d9       2%          1
 Tukima's Dance           Hex            22%        N/A       6%          3
 Spider Form              Tmut/Pois      9%         N/A       9%          3
 Mephitic Cloud           Conj/Pois/Air  14%        N/A       12%         3
 Call Imp                 Summ           3%         N/A       14%         2


Dungeon Overview and Level Annotations

Branches:
Dungeon (5/15)             Temple (1/1) D:5

Altars:
Ashenzari
Cheibriados
Fedhas
Gozag
Hepliaklqana
Kikubaaqudgha
Nemelex Xobeh
Okawaru
Qazlal
Ru
Sif Muna
Trog
Uskayaw
Vehumet
Wu Jian
Xom
Yredelemnul
Zin
The Shining One

Shops:
D:5 *


Message History

The magic dart hits the komodo dragon.
The komodo dragon is lightly wounded.
The komodo dragon hisses angrily.
Casting: Magic Dart (safe; 3% risk of failure)
Confirm with . or Enter, or press ? or * to list all spells.
Aiming: Corona (safe; 2% risk of failure)
Press: ? - help, Shift-Dir - straight line, f/p - komodo dragon
Aim: a komodo dragon (lightly wounded, chance to affect: 44%)
The komodo dragon is outlined in light.
Casting: Corona (safe; 2% risk of failure)
Confirm with . or Enter, or press ? or * to list all spells.
Aiming: Magic Dart (safe; 3% risk of failure)
Press: ? - help, Shift-Dir - straight line, f/p - komodo dragon
Aim: a komodo dragon (lightly wounded, softly glowing, 100% to hit)
The magic dart hits the komodo dragon.
The komodo dragon is lightly wounded.
Casting: Magic Dart (safe; 3% risk of failure)
Confirm with . or Enter, or press ? or * to list all spells.
Aiming: Sting (safe; 2% risk of failure)
Press: ? - help, Shift-Dir - straight line, f/p - komodo dragon
Aim: a komodo dragon (lightly wounded, softly glowing, 87% to hit)
The sting hits the komodo dragon.
The komodo dragon is poisoned.
The komodo dragon is lightly wounded.
Casting: Sting (safe; 2% risk of failure)
Confirm with . or Enter, or press ? or * to list all spells.
Aiming: Sting (safe; 2% risk of failure)
Press: ? - help, Shift-Dir - straight line, f/p - komodo dragon
Aim: a komodo dragon (lightly wounded, poisoned, softly glowing, 87% to hit)
The sting hits the komodo dragon.
The komodo dragon looks even sicker.
The komodo dragon is moderately wounded.
You barely miss the komodo dragon.
The komodo dragon is moderately wounded.
The komodo dragon closely misses you.
You barely miss the komodo dragon.
The komodo dragon is moderately wounded.
The komodo dragon bites you!!
Ouch! That really hurt!
The komodo dragon bites you!!
Ouch! That really hurt!
You die...

#.....########...........########
#.....##....##...#.#.....'.......
#.....+.....##..#.#.#....#.......
#.....##....##.#.#.#.#...#.......
#.....##....##..#.>.#....#.......
#.....##....#..#.#.#.#...#..###'#
'........)..'...#.#.#....#..##...
#.....##....#..l.#.#.....+...#...
#.....##....##..@........#...#...
#.....##....##..##.......#...#...
#............#......#....#...#...
#............#......#....#.[<#...
##'#######..##..#####....#'######
.....#####+###..##...............
.....'......#....#.............).
.....#...........#PP.............
.....#......+...P.P..............


You could see a komodo dragon (poisoned, corona).

Vanquished Creatures
  A water moccasin (D:3)
  A sky beast (D:3)
  A necrophage (D:5)
  3 ogres (D:5)
  A hound (D:4)
  A jelly (D:5)
  2 orc priests (D:4)
  4 gnolls (D:4)
  3 adders
  4 worms
  4 dart slugs
  9 orcs
  7 ball pythons
  10 endoplasms
  3 giant cockroaches
  4 hobgoblins
  5 kobolds
  5 quokkas
  4 bats
  2 frilled lizards
  6 goblins
  2 quokka skeletons
  2 rats
  A spectral goblin (D:2)
85 creatures vanquished.

Notes
Turn   | Place    | Note
-------+----------+-------------------------------------------
     0 | D:1      | Descartes the Deep Elf Wanderer began the quest for the
                  | Orb.
     0 | D:1      | Descartes set off with the following items: a +0 dagger, a
                  | potion of curing, a +0 robe, a wand of paralysis (15); and
                  | the following spell memorised: Sting; and the following
                  | spells available to memorise: Spider Form
     0 | D:1      | Reached XP level 1. HP: 12/12 MP: 6/6
   304 | D:1      | Reached skill level 1 in Dodging
   323 | D:1      | Reached skill level 1 in Poison Magic
   323 | D:1      | Reached XP level 2. HP: 16/16 MP: 2/8
   326 | D:1      | Learned a level 2 spell: Ensorcelled Hibernation
   551 | D:1      | Reached skill level 2 in Stealth
   965 | D:1      | Reached skill level 1 in Hexes
  1000 | D:1      | Reached XP level 3. HP: 20/20 MP: 9/9
  1158 | D:2      | Found a broken altar of Ashenzari.
  1241 | D:2      | Learned a level 1 spell: Magic Dart
  1363 | D:2      | Found a faded altar of an unknown god.
  1963 | D:3      | Reached skill level 1 in Ice Magic
  2131 | D:3      | Reached XP level 4. HP: 25/25 MP: 10/10
  2816 | D:3      | Found a stormy altar of Qazlal.
  2818 | D:3      | Noticed a water moccasin
  2839 | D:3      | Killed a water moccasin
  2840 | D:3      | Reached skill level 3 in Stealth
  2840 | D:3      | Reached skill level 1 in Conjurations
  2840 | D:3      | Reached skill level 1 in Transmutations
  2840 | D:3      | Reached XP level 5. HP: 20/29 MP: 11/11
  2849 | D:3      | Found a radiant altar of Vehumet.
  2852 | D:3      | Found a glowing silver altar of Zin.
  2884 | D:3      | Became a worshipper of Vehumet
  3031 | D:4      | Found a large runed translucent door.
  3032 | D:4      | Found a large runed translucent door.
  3159 | D:4      | Noticed a sky beast
  3209 | D:3      | Killed a sky beast
  3210 | D:3      | Reached skill level 1 in Shields
  3210 | D:3      | Reached XP level 6. HP: 17/34 MP: 3/12
  3307 | D:4      | Learned a level 1 spell: Corona
  4324 | D:4      | Found an iron altar of Okawaru.
  4327 | D:4      | Found a shimmering blue altar of Sif Muna.
  4354 | D:5      | Entered Level 5 of the Dungeon
  4362 | D:5      | Reached * piety under Vehumet
  4362 | D:5      | Offered knowledge of Freeze by Vehumet.
  4509 | D:5      | Found a hazy altar of Hepliaklqana.
  4530 | D:5      | Found a staircase to the Ecumenical Temple.
  4536 | Temple   | Entered the Ecumenical Temple
  4652 | D:5      | Found Yshrar's Gadget Gallery.
  4789 | D:5      | Reached XP level 7. HP: 31/38 MP: 7/13
  5008 | D:5      | Reached skill level 4 in Stealth
  5120 | D:5      | Noticed a komodo dragon
  5201 | D:5      | Mangled by a komodo dragon

Illustrated notes

Levels and vault maps discovered:
D:1:      tarquinn_simple_flora_water_b, layout_basic
D:2:      layout_loops_ring, dreamdust_ecumenical_altar_drowned_temple,
          basic_altar
D:3:      layout_loops_ring, minitemple, corexii_leaking_fountain
D:4:      layout_gridville, jmf_multi_god_temple2
D:5:      layout_gridville, nicolae_hepliaklqana_hazy_memory,
          minmay_temple_entry_grid, grunt_ministairs_1, nicolae_shop_gadgets
Temple:   nicolae_temple_hex_pool

Skill      XL: |  1  2  3  4  5  6  7 |
---------------+----------------------+-----
Dodging        | 1 2 3 |  3.6
Poison Magic   | 1 2 3 |  3.3
Stealth        | 2 3 4 |  4.3
Hexes          | 1 2 3 |  3.6
Ice Magic      | 1 2 3 |  3.0
Conjurations   | 1 2 |  2.7
Transmutations | 1 2 |  2.8
Shields        | 1 |  1.8
Fighting       | |  1.5
Axes           | |  1.5
Armour         | |  1.0
Spellcasting   | |  3.0
Fire Magic     | |  1.1
Evocations     | |  1.1

Action                   |  1- 3 |  4- 6 |  7- 9 || total
-------------------------+-------+-------+-------++-------
Melee: Dagger            |    19 |    21 |     7 ||    47
 Fire: Hunting sling     |    48 |    36 |       ||    84
 Cast: Sting             |    60 |    55 |    12 ||   127
       Magic Dart        |       |    43 |    12 ||    55
       Corona            |       |       |     2 ||     2
Evoke: Wand              |       |     8 |       ||     8
 Stab: Paralysed         |       |     5 |       ||     5
Armor: Robe              |     5 |    24 |     3 ||    32
Dodge: Dodged            |    13 |    36 |    11 ||    60
